[Event "Early-Titled-Tuesday-Blitz-March-12-2024"]
[Site "Chess.com"]
[Date "2024.03.12"]
[Round "9"]
[White "effefe"]
[Black "David_George21"]
[Result "0-1"]
[WhiteElo "2375"]
[BlackElo "2305"]
[TimeControl "180+1"]
[EndTime "9:43:27 PDT"]
[Termination "David_George21 won on time"]

1. d4 Nf6 2. c4 e6 3. Nc3 Bb4 4. a3 Bxc3+ 5. bxc3 O-O 6. f3 d6 7. e4 b6 8. Bg5 Nc6 9. Bd3 e5 10. Ne2 Ba6 11. O-O Na5 12. f4 exf4 13. Nxf4 h6 14.
Bh4 g5 15. Nh5 Nxh5 16. Qxh5 Kg7 17. Bg3 Bxc4 18. Bxc4 Nxc4 19. Rf2 Qe7 20. h4 f6 21. Qe2 b5 22. a4 a6 23. Raf1 Rae8 24. hxg5 fxg5 25. axb5 axb5 26. e5 dxe5 27. dxe5 Qc5 28. e6 Rf6 29. Kh1 Rexe6 30. Qd3 Rxf2 31. Rxf2 Qe7 32. Qd4+ Kh7 33. Qd3+ Kg7 34. Qd4+ Kg8 35. Ra2 Nb6 36. Ra5 Qd7 37. Qb4 c6 38. Ra6 Nd5 39.
Ra8+ Re8 40. Rxe8+ Qxe8 41. Qd6 Kh7 42. Qc5 Qd7 43.
Qd4 Qe6 44. Qa7+ Kg6 45. Qd4 Qf6 46. Qc5 Qe6 47. Qa7 h5 48. Qc5 h4 49. Bf2 Nf4 50. Bd4 Qe4 51. Qd6+ Kh5 0-1

[Event "Early-Titled-Tuesday-Blitz-March-12-2024"]
[Site "Chess.com"]
[Date "2024.03.12"]
[Round "9"]
[White "KnightmareJoker"]
[Black "venturov"]
[Result "0-1"]
[WhiteElo "2240"]
[BlackElo "2483"]
[TimeControl "180+1"]
[EndTime "9:43:29 PDT"]
[Termination "venturov won by checkmate"]

1. e4 Nf6 2. e5 Nd5 3. d4 d6 4. Nf3 dxe5 5. Nxe5 c6 6. Be2 Bf5 7. c3 Nd7 8. Nxd7 Qxd7 9. O-O Qc7 10. Bf3 e6 11.
Nd2 Bd6 12. g3 Bh3 13. Re1 O-O-O 14. Nc4 h5 15. Bxd5 exd5 16. Nxd6+ Qxd6 17. Bf4 Qf6 18. Qe2 Rd7 19. Qe5 Qxe5 20. Rxe5 f6 21. Re2 g5 22. Bd2 Kd8 23. Rae1 h4 24. b3 hxg3 25. fxg3 Rdh7 26. Bc1 Bf5 27. Rf2 Be4 28. Ba3 Rh3 29. Rd2 f5 30. c4 f4 31. Bd6 R8h6 32. c5 Rg6 33. b4 Rf6 34. a4 f3 35. Rf2 g4 36.
Ra1 Re6 37. Re1 Rhh6 38. Bf4 Rhg6 39. Rb2 Bd3 40. Rbb1 Re2 41. Rxe2 Bxe2 42. Kf2 Kd7 43. Re1 Ke6 44. Be5 Kf5 45. Rb1 Rh6 46. Rh1 Ke4 47. a5 Kd3 48. Bg7 Rh7 49. Be5 Kc4 50. Rb1 Rxh2+ 51.
Ke3 Bd3 52. Kf4 Bxb1 53. Kxg4 f2 54. b5 f1=Q 55. bxc6 Qf5# 0-1

[Event "Early-Titled-Tuesday-Blitz-March-12-2024"]
[Site "Chess.com"]
[Date "2024.03.12"]
[Round "9"]
[White "LileKoridze"]
[Black "Let_it_be_1"]
[Result "1-0"]
[WhiteElo "2473"]
[BlackElo "2620"]
[TimeControl "180+1"]
[EndTime "9:43:31 PDT"]
[Termination "LileKoridze won on time"]

1. d4 d5 2. c4 e6 3. Nf3 Nf6 4. g3 Be7 5. Bg2 O-O 6. O-O dxc4 7. Qc2 a6 8. Qxc4 b5 9. Qc2 Bb7 10. a3 Be4 11. Qd1 c5 12. Nc3 Bb7 13. Bg5 Nbd7 14.
dxc5 Nxc5 15. Qc2 Rc8 16. Rad1 Qb6 17. Be3 b4 18. axb4 Qxb4 19. Rd4 Qa5 20. b4 Qa3 21. bxc5 Bxc5 22. Nb1 Qa5 23. Rc4 Bxe3 24. fxe3 Ng4 25. Rxc8 Rxc8 26. Qd3 Rd8 27. Qb3 Bd5 28. Qc3 Qxc3 29.
Nxc3 Nxe3 30. Ra1 Nxg2 31. Nxd5 Rxd5 32. Kxg2 a5 33. Kf2 g5 34. Ne1 Kg7 35. Nd3 f5 36. Nb2 Rc5 37. Ra4 Kf6 38. Nc4 Rc6 39.
Nxa5 Ra6 40. Ra3 h5 41. Nc4 Rc6 42. Ne3 f4 43. g4 fxe3+ 44. Rxe3 hxg4 45. Rg3 Kf5 46. Ra3 Rc4 47. Ra5+ e5 48. Ra8 Rf4+ 49. Kg2 Ke4 50. Ra3 Rf8 51. Kg3 Rh8 52. Ra4+ Ke3 53. Rxg4 e4 54. Kg2 Rh4 55. Rxg5 Kxe2 56. Ra5 1-0

[Event "Early-Titled-Tuesday-Blitz-March-12-2024"]
[Site "Chess.com"]
[Date "2024.03.12"]
[Round "9"]
[White "suyu28"]
[Black "ValeriyGrinev"]
[Result "1-0"]
[WhiteElo "2863"]
[BlackElo "2574"]
[TimeControl "180+1"]
[EndTime "9:43:33 PDT"]
[Termination "suyu28 won by resignation"]

1. d4 d5 2. c4 e6 3. Nc3 a6 4. cxd5 exd5 5. Qb3 c5 6. Qxd5 cxd4 7. Qxd8+ Kxd8 8. Ne4 Bf5 9. Ng3 Bb4+ 10. Bd2 Bxd2+ 11. Kxd2 Bg6 12. Nf3 Nd7 13. Nxd4 Ngf6 14. e3 Nc5 15. Rc1 Rc8 16. f3 Kd7 17. Be2 Rhd8 18. b3 Ne6 19. Rxc8 Kxc8 20. Rc1+ Kb8 21. Rc4 b5 22. Rc1 Nxd4 23. exd4 Rxd4+ 24. Ke1 Nd5 25. Nf1 Nb4 26. a4 bxa4 27. bxa4 Nc2+ 28. Kf2 Rxa4 29.
Nd2 Nd4 30. Bc4 a5 31. h4 Rb4 32. g4 f6 33. h5 Be8 34. Ke3 Nc6 35. Bd3 h6 36. Rc5 Ka7 37. Nc4 a4 38. Be4 Rb3+ 39. Kf4 Nd4 40. Ra5+ Kb8 41. Ra8+ Kc7 42. Rxe8 Rc3 43.
Ne3 Ne2+ 44. Kf5 Rxe3 45. Re7+ Kd6 46. Rxg7 Nd4+ 47. Kxf6 Nxf3 48. Bf5 Nd4 49. Rd7+ Kc5 50. Kg6 a3 51. Ra7 Nb5 52. Ra8 Kb6 53. Kxh6 Na7 54.
Rb8+ Kc7 55. Rb1 Nc6 56. Kg6 Nd4 57. h6 Rb3 58. Ra1 Nc6 59. h7 Ne5+ 60. Kf6 Nd7+ 61. Bxd7 Rh3 62. Bf5 1-0

[Event "Early-Titled-Tuesday-Blitz-March-12-2024"]
[Site "Chess.com"]
[Date "2024.03.12"]
[Round "9"]
[White "Casper"]
[Black "Felix-Rose"]
[Result "1-0"]
[WhiteElo "2495"]
[BlackElo "2263"]
[TimeControl "180+1"]
[EndTime "9:43:33 PDT"]
[Termination "Casper won by checkmate"]

1. e4 e5 2. Nc3 Nf6 3. d3 d5 4.
exd5 Nxd5 5. g3 Nc6 6. Bg2 Be6 7.
Nge2 Qd7 8. O-O O-O-O 9. Nxd5 Bxd5 10. Nc3 Bxg2 11. Kxg2 h5 12. h3 f5 13. Bg5 Be7 14.
Bxe7 Nxe7 15. Qe2 Nc6 16. Rae1 Kb8 17. f4 exf4 18. Rxf4 g5 19. Rc4 f4 20. Qe6 Qg7 21. Rxc6 bxc6 22. Qxc6 g4 23. Re4 gxh3+ 24. Kf1 Qxg3 25.
Rb4+ Kc8 26. Qe6+ Rd7 27. Qa6+ Kd8 28. Qf6+ Re7 29. Qxh8+ Kd7 30. Rd4+ Kc6 31. Qf6+ Kb7 32. Qxe7 Qf3+ 33. Ke1 Qg3+ 34. Kd2 Qf2+ 35. Ne2 Qe3+ 36. Qxe3 fxe3+ 37. Kxe3 h2 38. Rh4 h1=Q 39. Rxh1 Kc6 40. c4 a5 41. d4 a4 42. Rxh5 a3 43. b4 Kb6 44. Ke4 Kc6 45. Rh6+ Kb7 46. Kd5 Ka7 47. Kc6 Ka6 48. Rh8 Ka7 49. Ng1 Ka6 50. Rg8 Ka7 51. Rf8 Ka6 52. Re8 Ka7 53. Rd8 Ka6 54. Rc8 Ka7 55. d5 Ka6 56. Rd8 Ka7 57. Re8 Ka6 58. Rf8 Ka7 59. Rg8 Ka6 60. Rh8 Ka7 61.
Rg8 Ka6 62. Rf8 Ka7 63. Re8 Ka6 64. Rd8 Ka7 65. Rc8 Ka6 66. Ra8# 1-0

[Event "Early-Titled-Tuesday-Blitz-March-12-2024"]
[Site "Chess.com"]
[Date "2024.03.12"]
[Round "9"]
[White "yosephtaher"]
[Black "FairChess_on_YouTube"]
[Result "1-0"]
[WhiteElo "2958"]
[BlackElo "3102"]
[TimeControl "180+1"]
[EndTime "9:43:34 PDT"]
[Termination "yosephtaher won on time"]

1. e4 c5 2. Nc3 Nc6 3. f4 e6 4. Nf3 d5 5. Bb5 Ne7 6. exd5 exd5 7. Qe2 a6 8. Bxc6+ bxc6 9. b3 f6 10. Bb2 Kf7 11. O-O-O Nf5 12. Na4 Bd6 13. g4 Re8 14. Qg2 Nd4 15. g5 Re2 16. Qf1 Re4 17. gxf6 Rxf4 18.
Ng5+ Kg6 19. Qe1 Kxg5 20. fxg7 Bg4 21. Rg1 Kf5 22. Kb1 Qf6 23. Qe3 Rg8 24. Rdf1 Rxg7 25.
Nxc5 Re7 26. Rxf4+ Bxf4 27. Qd3+ Re4 28. Nxe4 dxe4 29.
Qxd4 Qxd4 30. Bxd4 Bxd2 31. Rf1+ Bf3 32. c4 Kf4 33. Kc2 Be3 34. Bxe3+ Kxe3 35. Re1+ Be2 36. h4 Kf2 37. Rc1 e3 38. a4 c5 39. a5 h5 40. Kc3 Bg4 41. Ra1 Bf5 42. Rc1 Be4 43. Ra1 Bf3 44. Kd3 e2 45. Kd2 Bg4 46. b4 cxb4 47.
c5 b3 48. c6 b2 49. Re1 Bf5 50. c7 b1=Q 51. Rxe2+ 1-0

[Event "Early-Titled-Tuesday-Blitz-March-12-2024"]
[Site "Chess.com"]
[Date "2024.03.12"]
[Round "9"]
[White "BogdanDeac"]
[Black "Vladimir_Zakhartsov"]
[Result "1-0"]
[WhiteElo "3043"]
[BlackElo "2855"]
[TimeControl "180+1"]
[EndTime "9:43:35 PDT"]
[Termination "BogdanDeac won by resignation"]

1. d4 Nf6 2. c4 e6 3. Nf3 d5 4. Nc3 c6 5. Bg5 h6 6. Bxf6 Qxf6 7. e3 Nd7 8. Be2 dxc4 9. O-O Bd6 10. Nd2 Qe7 11.
Nxc4 Bc7 12. a4 O-O 13. a5 Nf6 14. Qb3 Rb8 15. Rfc1 e5 16. dxe5 Bxe5 17. Nxe5 Qxe5 18. Qb4 b6 19. axb6 axb6 20. g3 c5 21. Qf4 Qxf4 22.
gxf4 Be6 23. Rd1 Rfd8 24. Rxd8+ Rxd8 25. Ra6 Rb8 26. e4 Bc8 27. Ra7 Bb7 28. f3 Ne8 29.
Ra1 Bc6 30. Kf2 Nc7 31. f5 Kf8 32. Ra7 Rb7 33. Ra1 Rb8 34. Ke3 Ra8 35. Rd1 Ke7 36. e5 Rd8 37. Rxd8 Kxd8 38. f4 Nd5+ 39. Nxd5 Bxd5 40.
Bf3 Bxf3 41. Kxf3 Kd7 42. Ke4 Kc6 43. h4 h5 44. e6 fxe6 45. fxe6 Kd6 46. f5 b5 47. Kf4 c4 48. Kg5 b4 49. Kg6 c3 50.
bxc3 bxc3 51. Kf7 c2 52. e7 c1=Q 53. e8=Q Qc4+ 54. Qe6+ Qxe6+ 55. fxe6 g5 56. e7 gxh4 57. e8=Q h3 58. Qe1 h2 59. Kf6 Kd7 60. Qh1 h4 61. Qxh2 h3 62. Qxh3+ 1-0

[Event "Early-Titled-Tuesday-Blitz-March-12-2024"]
[Site "Chess.com"]
[Date "2024.03.12"]
[Round "9"]
[White "Chessmissile07"]
[Black "GilbertoHernandezAmura"]
[Result "1-0"]
[WhiteElo "2898"]
[BlackElo "2450"]
[TimeControl "180+1"]
[EndTime "9:43:35 PDT"]
[Termination "Chessmissile07 won on time"]

1. a3 c5 2. c4 g6 3. Nc3 Bg7 4. g3 Nc6 5. Bg2 Nf6 6. e4 d6 7. Nge2 Nd7 8. O-O Nf8 9. Rb1 Ne6 10. b4 O-O 11. d3 Ned4 12. b5 Nxe2+ 13. Nxe2 Nd4 14. Nxd4 Bxd4 15. Qe2 b6 16. Bb2 Bxb2 17. Rxb2 Bb7 18. Rfb1 e6 19. a4 Qd7 20. Qe1 d5 21. a5 dxc4 22. a6 Bxa6 23. bxa6 cxd3 24. Qc3 Rac8 25.
Bf1 Rfd8 26. Rd1 c4 27. Rb4 b5 28. Rdb1 Rc5 29. Rd1 Rdc8 30. Kg2 Qc6 31. f3 Qxa6 32. h4 h5 33. Rb2 Qc6 34. Ra1 a6 35. Kf2 Qd6 36.
f4 e5 37. Ke3 exf4+ 38. gxf4 Qe7 39. Rh2 R5c6 40. Rb1 Re6 41. e5 f6 42. Kd2 fxe5 43.
Bh3 e4 44. Bxe6+ Qxe6 45. Re1 b4 46. Qe5 c3+ 47. Ke3 Qxe5 48. fxe5 c2 49. Kd2 b3 50.
Kc1 Rc4 51. Rf2 a5 52. e6 Rb4 53. Kb2 1-0

[Event "Early-Titled-Tuesday-Blitz-March-12-2024"]
[Site "Chess.com"]
[Date "2024.03.12"]
[Round "9"]
[White "Alenzer"]
[Black "shirovin"]
[Result "1-0"]
[WhiteElo "2161"]
[BlackElo "2062"]
[TimeControl "180+1"]
[EndTime "9:43:37 PDT"]
[Termination "Alenzer won on time"]

1. e4 c5 2. Nf3 d6 3. c3 Nf6 4. h3 Bd7 5. Bd3 g6 6. Bc2 Bc6 7. Qe2 Nbd7 8. O-O Bg7 9. d4 cxd4 10. cxd4 a6 11. Nc3 b5 12. a3 O-O 13. Bg5 h6 14. Be3 Nb6 15. d5 Bd7 16. Nd4 Nc4 17. b3 Nxe3 18. Qxe3 Rc8 19. Rac1 Nh7 20. Na2 Re8 21. Nb4 Qb6 22. Nbc6 Bxc6 23. Nxc6 Qxe3 24. fxe3 h5 25. Bd3 Bb2 26. Rc2 Bxa3 27. Ra2 Bc5 28.
Rxa6 Bxe3+ 29. Kh2 b4 30. Ra4 Bd2 31. Ra7 Kf8 32.
Rb7 e6 33. Nxb4 Bxb4 34. Rxb4 exd5 35. exd5 Re3 36. Bxg6 Ng5 37. h4 Kg7 38. Bxh5 Ne4 39. Rxf7+ Kh6 40. Bf3 Nd2 41. Rbf4 Nxf3+ 42. Rxf3 Rxf3 43.
Rxf3 Rb8 44. Rd3 Rb5 45. g4 Kg6 46. Kg3 Kf6 47. Kf4 Rb4+ 48. Kf3 Ke5 49. h5 Rb8 50.
Kg3 Rf8 51. g5 Kf5 52. Rf3+ 1-0

[Event "Early-Titled-Tuesday-Blitz-March-12-2024"]
[Site "Chess.com"]
[Date "2024.03.12"]
[Round "9"]
[White "rasmussvane"]
[Black "Meri-Arabidze"]
[Result "1-0"]
[WhiteElo "2961"]
[BlackElo "2720"]
[TimeControl "180+1"]
[EndTime "9:43:39 PDT"]
[Termination "rasmussvane won on time"]

1. d4 Nf6 2. c4 e6 3. Nc3 Bb4 4. Qc2 O-O 5. Nf3 c5 6. dxc5 Na6 7. g3 Nxc5 8. Bg2 b6 9. O-O Bb7 10. Nb5 Nce4 11. a3 Be7 12. Bf4 a6 13. Nc3 Nxc3 14. Qxc3 Rc8 15. Qb3 d5 16. cxd5 Bxd5 17. Qa4 a5 18.
Rfd1 Qe8 19. Qxe8 Rfxe8 20. Rac1 h6 21. Be3 Bc5 22. Bxc5 Rxc5 23. Rxc5 bxc5 24. Ne5 Rb8 25. Rd2 a4 26. Rc2 Rb5 27. Nd3 c4 28. Nb4 Rc5 29. f3 e5 30. e4 Be6 31. Kf2 Nd7 32. Ke3 f6 33. Bf1 Kf7 34. Kd2 Nb6 35. Kc3 Ke7 36. Rd2 h5 37. Nc2 Rc7 38. f4 exf4 39. gxf4 g5 40.
Nd4 Nd7 41. Nxe6 Kxe6 42. Bxc4+ Ke7 43. fxg5 fxg5 44. Kb4 Ne5 45. Be2 g4 46. Kxa4 h4 47. b4 g3 48. hxg3 hxg3 49. Bf1 Rc1 50. Bg2 Ra1 51. Rc2 Kf6 52. b5 Rb1 53. Ka5 Nd3 54. a4 Nf4 55. Kb6 Rg1 56. Bf3 Rf1 57. Rc3 Ke5 58. a5 Kd4 59. Ra3 1-0

[Event "Early-Titled-Tuesday-Blitz-March-12-2024"]
[Site "Chess.com"]
[Date "2024.03.12"]
[Round "9"]
[White "djano"]
[Black "sansanathalia"]
[Result "1-0"]
[WhiteElo "2592"]
[BlackElo "2373"]
[TimeControl "180+1"]
[EndTime "9:43:39 PDT"]
[Termination "djano won by checkmate"]

1. e4 c5 2. Nc3 d6 3. f4 Nf6 4. Nf3 e6 5. d4 cxd4 6. Nxd4 Be7 7. Be3 O-O 8. Qf3 Nc6 9. O-O-O Qa5 10. Nb3 Qh5 11.
Qg3 a6 12. Be2 Qg6 13. Qf3 b5 14. f5 exf5 15. exf5 Bxf5 16. Qxc6 Bxc2 17. Rd4 Bxb3 18. axb3 Rfc8 19. Qb7 Bf8 20. Bd3 Qh5 21. Qf3 Qe5 22. Kb1 b4 23. Ne4 Nxe4 24. Qxe4 Qh5 25. g4 Qh4 26.
Bf2 Qh3 27. Qe3 Qg2 28. Rg1 Qxh2 29. Qe4 Re8 30. Qg2 Qxg2 31. Rxg2 a5 32. g5 g6 33. Bb5 Re5 34. Bc6 Rc8 35. Bd5 Rc5 36.
Bc4 d5 37. Bd3 Bg7 38. Rf4 Rc8 39. Rg1 Rce8 40. Rf1 R5e7 41. Ka2 Rc7 42. Bd4 Bxd4 43. Rxd4 Kg7 44. Rxd5 Re3 45. Bc4 a4 46. Ra5 axb3+ 47. Bxb3 Rce7 48. Ra4 R3e5 49. Rg1 Rb5 50. Rg4 Rbe5 51.
Raxb4 Ra5+ 52. Ra4 Rb5 53. Bc4 Rc5 54. b3 Rf5 55.
Ka3 Re3 56. Ra7 h5 57. gxh6+ Kxh6 58. Rxf7 Rc5 59. Kb4 Rce5 60. Rf6 Kh5 61. Rgxg6 Rc5 62. Kxc5 Re5+ 63. Bd5 Re3 64. Rh6+ Kg5 65. Rfg6+ Kf5 66. Re6 Rc3+ 67. Bc4 Rc1 68. Rhf6+ Kg5 69. Rf8 Kh5 70. Re5+ Kg4 71. Re7 Kh3 72. Rg7 Kh2 73. Rh8# 1-0

[Event "Early-Titled-Tuesday-Blitz-March-12-2024"]
[Site "Chess.com"]
[Date "2024.03.12"]
[Round "9"]
[White "cthulhuuu"]
[Black "electrosaw"]
[Result "0-1"]
[WhiteElo "2399"]
[BlackElo "2563"]
[TimeControl "180+1"]
[EndTime "9:43:42 PDT"]
[Termination "electrosaw won on time"]

1. e4 c5 2. Nf3 b6 3. g3 Bb7 4. d3 g6 5. Bg2 Bg7 6. O-O e6 7. Re1 a6 8. h4 h6 9. Nbd2 d6 10. a4 Ne7 11. Nc4 b5 12. axb5 axb5 13. Rxa8 Bxa8 14. Ne3 Nbc6 15. c3 b4 16. d4 cxd4 17.
cxd4 d5 18. exd5 exd5 19. Nxd5 Qxd5 20. Ne5 Qb5 21. Nxc6 Bxc6 22. d5 O-O 23. dxc6 Nxc6 24. Qd5 Qxd5 25. Bxd5 Nd4 26. Re7 Rd8 27. Bc4 Rc8 28. b3 Nxb3 29. Bxb3 Rxc1+ 30. Kg2 Rc3 31. Bxf7+ Kf8 32. Rb7 g5 33. h5 Rc2 34. Bg6 Rb2 35.
Rf7+ Kg8 36. Re7 Bd4 37. Re8+ Kg7 38. Re7+ Kf6 39. Rf7+ Ke6 40. Rf3 Bc5 41. g4 Ke5 42. Rf5+ Kd6 43. Bf7 Rd2 44. Rf3 Rd4 45. Kh3 Rd2 46. Kg3 Bd4 47. Bg6 Be5+ 48. Kg2 Kc5 49. Rd3 Rxd3 50. Bxd3 Kd4 51. Bb1 Kc3 52. Kf3 b3 53. Ke4 Bd4 54. f4 gxf4 55. Kxf4 Bf6 56. Kf3 Bg5 57. Ke2 Kb2 58. Bf5 Kc1 59. Kd3 b2 60. Ke4 b1=Q+ 0-1

[Event "Early-Titled-Tuesday-Blitz-March-12-2024"]
[Site "Chess.com"]
[Date "2024.03.12"]
[Round "9"]
[White "Aygehovit1992"]
[Black "FaustinoOro"]
[Result "1-0"]
[WhiteElo "2741"]
[BlackElo "2885"]
[TimeControl "180+1"]
[EndTime "9:43:47 PDT"]
[Termination "Aygehovit1992 won by resignation"]

1. e4 e5 2. Nf3 Nc6 3. Nc3 Nf6 4. g3 Bb4 5. Bg2 O-O 6. O-O d6 7. d3 h6 8. h3 Re8 9. Ne2 d5 10. exd5 Nxd5 11. a3 Bd6 12. c4 Nf6 13. b4 a5 14. b5 Ne7 15. Bb2 Ng6 16. Rc1 Qe7 17. Qb3 e4 18. dxe4 Nxe4 19. Ned4 Nc5 20. Qc2 Qf6 21. Rfe1 Ne5 22. b6 c6 23. Nxe5 Bxe5 24. Rxe5 Qxe5 25. Nxc6 Qe2 26. Na7 Qxc2 27. Rxc2 Bf5 28.
Rd2 Rad8 29. Rd4 Be6 30. Nb5 Rxd4 31. Bxd4 Nb3 32. Be3 Rb8 33. Nd6 Kf8 34. Bxb7 Ke7 35. c5 Bd7 36. Bd5 a4 37. Ne4 Rc8 38. b7 Rb8 39. c6 Bxc6 40. Bxc6 Na5 41. Bd5 Nxb7 42. Bf4 Rc8 43. Bxb7 Rc4 44. Nd6 Rc3 45. Nb5 Rb3 46. Bc6 g5 47. Be3 Rb1+ 48. Kg2 Rb2 49. Bc5+ Kf6 50.
Bb4 Rc2 51. Nc3 Rc1 52. Bxa4 Ke6 53. Bb5 Rc2 54. Bc4+ Kd7 55. Bd3 Rd2 56. Bf5+ Kc6 57. Ne4 Rb2 58. g4 Kd5 59. Bf8 h5 60. gxh5 Ra2 61. h6 1-0

[Event "Early-Titled-Tuesday-Blitz-March-12-2024"]
[Site "Chess.com"]
[Date "2024.03.12"]
[Round "9"]
[White "zajka-molotok"]
[Black "MightyMike_009"]
[Result "1-0"]
[WhiteElo "2569"]
[BlackElo "2857"]
[TimeControl "180+1"]
[EndTime "9:43:51 PDT"]
[Termination "zajka-molotok won by resignation"]

1. e4 e5 2. Nf3 Nc6 3. Nc3 Nf6 4.
Bb5 Nd4 5. O-O c6 6. Bc4 Nxf3+ 7. Qxf3 d6 8. d3 Be7 9. Qg3 O-O 10. Bb3 Kh8 11. h3 Be6 12. Bd2 b5 13. f4 exf4 14. Qxf4 a5 15. Kh1 a4 16. Bxe6 fxe6 17. Qe3 e5 18. Ne2 a3 19. b3 d5 20. Ng3 dxe4 21.
Nxe4 Nd5 22. Qg3 Qc7 23. c4 Nf4 24. Bxf4 exf4 25. Qg4 Rad8 26. Rf3 Qe5 27. Raf1 g5 28. Qh5 Qg7 29. h4 g4 30. Rxf4 Rxf4 31. Rxf4 g3 32. Rf1 Rg8 33. Qf7 Qe5 34. Qf5 Qxf5 35. Rxf5 bxc4 36.
dxc4 Rg4 37. Ng5 Bc5 38. Nf3 Re4 39. Re5 Rxe5 40. Nxe5 Kg7 41. Nxc6 Kf6 42. b4 Be3 43. c5 Ke6 44. Na5 Kd5 45. c6 Kd6 46. b5 Kc7 47. Nc4 Bf2 48. Nxa3 Kb6 49. Nc4+ Kc7 50. a4 h5 51. a5 Bd4 52. Nd2 Bc3 53. Nb3 Be1 54. Kg1 Bf2+ 55. Kf1 Kd6 56. Ke2 Bg1 57. Kf3 Bf2 58.
Kf4 Kc7 59. Kg5 Be1 60. Kxh5 Bxa5 61. Nxa5 Kb6 62. Nb3 Kxb5 63. c7 Kc6 64. c8=Q+ Kd5 65. Qg4 Ke5 66. Qxg3+ Ke6 67. Qg5 Kf7 68. Kg4 Kf8 69. h5 Kf7 70. h6 Kf8 71. h7 Kf7 1-0

[Event "Early-Titled-Tuesday-Blitz-March-12-2024"]
[Site "Chess.com"]
[Date "2024.03.12"]
[Round "9"]
[White "AlexandraSamaganova"]
[Black "toninhojit"]
[Result "1-0"]
[WhiteElo "2380"]
[BlackElo "2509"]
[TimeControl "180+1"]
[EndTime "9:43:52 PDT"]
[Termination "AlexandraSamaganova won by resignation"]

1. c4 c5 2. Nc3 Nc6 3. Nf3 e5 4. e3 f5 5. d3 Nf6 6. Be2 g6 7. Nd5 Bg7 8. O-O O-O 9. a3 d6 10. Rb1 Be6 11. Ng5 Bd7 12. f4 h6 13. Nh3 Nxd5 14.
cxd5 Ne7 15. Qb3 Kh7 16. fxe5 Bxe5 17. Nf4 Bxf4 18. Rxf4 g5 19. Rf2 Ng6 20. Bd2 b6 21. Rbf1 Qe7 22. Bh5 Ne5 23. e4 f4 24. h3 Be8 25.
Bxe8 Raxe8 26. Qc2 Rf7 27. Bc3 Ref8 28. d4 Ng6 29. dxc5 bxc5 30. b4 cxb4 31. Bxb4 Re8 32.
Re1 Ne5 33. Bc3 Rc8 34. Qd2 Qf6 35. Bxe5 Qxe5 36. Qb2 Re7 37. Qxe5 Rxe5 38. Rb2 Rc7 39. Kf2 Rce7 40. Kf3 Kg6 41. Rb4 Rxd5 42. Rc1 Rd3+ 43. Ke2 Rxa3 44. Kf2 Rc7 45. Rxc7 Ra2+ 46. Kg1 h5 47. Rc6 g4 48. Rxd6+ Kg5 49. Rb5+ Kh4 50. hxg4 Kg3 51. Rd3+ Kxg4 52. Kh2 h4 53. Rb8 Re2 54.
Rg8+ Kh5 55. Rd5+ Kh6 56. Re8 f3 57. Re6+ Kg7 58. Kh3 f2 59. Rf5 Re3+ 60. Kxh4 Re2 61. Ref6 Rxe4+ 62. g4 Re1 63. Rxf2 Rh1+ 64. Kg3 Ra1 65.
Rf7+ Kg8 66. Rb7 Ra5 67. Rc2 Ra3+ 68. Kh4 1-0

[Event "Early-Titled-Tuesday-Blitz-March-12-2024"]
[Site "Chess.com"]
[Date "2024.03.12"]
[Round "9"]
[White "CSB7"]
[Black "viktorskliarov"]
[Result "1/2-1/2"]
[WhiteElo "2770"]
[BlackElo "2594"]
[TimeControl "180+1"]
[EndTime "9:43:54 PDT"]
[Termination "Game drawn - insufficient material"]

1. e4 c5 2. Nf3 Nc6 3. d4 cxd4 4. Nxd4 Nf6 5. Nc3 e5 6. Ndb5 d6 7. Bg5 a6 8. Na3 b5 9. Nab1 Be7 10. Bxf6 Bxf6 11.
a4 b4 12. Nd5 Bg5 13. Bc4 O-O 14. O-O Be6 15. c3 bxc3 16. Nbxc3 Nd4 17. b4 Qc8 18.
Qd3 Bxd5 19. Nxd5 Qb7 20. b5 axb5 21. axb5 Rfb8 22. g3 Bd8 23. Kg2 Bb6 24. Ra6 Bc5 25. Rfa1 Rxa6 26. Rxa6 h6 27. b6 Kh8 28. Ra7 Qc6 29. Rc7 Qe8 30. b7 Ne6 31. Bb5 Qd8 32.
Rxf7 Bd4 33. Rd7 Qg5 34. Bc6 Nc5 35. Qb5 Nxd7 36. Bxd7 Qd8 37. Bc8 Rxc8 38. bxc8=Q Qxc8 39. Qe2 Qf8 40. h3 Qf7 41. Nb4 Kh7 42. Nc2 Bc5 43. Ne1 Qb3 44. Nd3 Bd4 45. Ne1 Qf7 46. Nf3 Bc5 47.
Qd3 Qe6 48. Qc2 Qf7 49. Qe2 Qf6 50. h4 g6 51. Ne1 Kg7 52. Nd3 Bd4 53. Qc2 Qf7 54.
Qc8 Qe7 55. Qc6 Qf7 56. Qxd6 Qb7 57. Nxe5 Qxe4+ 58. Nf3 Bf6 59. Qd2 g5 60. hxg5 hxg5 61. Qd1 g4 62. Qd7+ Kg6 63. Qd1 gxf3+ 64. Qxf3 Qxf3+ 65. Kxf3 Bd4 66. Ke4 Bxf2 67. g4 Bh4 68. g5 Bxg5 1/2-1/2

[Event "Early-Titled-Tuesday-Blitz-March-12-2024"]
[Site "Chess.com"]
[Date "2024.03.12"]
[Round "9"]
[White "Mr_ruthless"]
[Black "ahkashefi2800"]
[Result "1-0"]
[WhiteElo "2495"]
[BlackElo "2623"]
[TimeControl "180+1"]
[EndTime "9:43:54 PDT"]
[Termination "Mr_ruthless won on time"]

1. e4 c6 2. d4 d5 3. Nc3 dxe4 4. Nxe4 Nd7 5. Bd3 Ngf6 6. Ng5 e6 7. N1f3 Bd6 8. Qe2 h6 9. Ne4 Nxe4 10. Qxe4 Qc7 11. Bd2 Nf6 12. Qh4 b6 13. O-O-O Bb7 14. Rhe1 O-O-O 15. Ne5 c5 16. f3 cxd4 17. Qxd4 Kb8 18.
Kb1 Rc8 19. Nxf7 Bc5 20. Qe5 Qxe5 21. Nxe5 Rhd8 22. Bf4 Ka8 23. c3 Nd5 24. Bc1 Rc7 25. Be4 Rdc8 26. Nd3 Bd6 27. Bxd5 Bxd5 28. Bf4 Rd7 29.
Bxd6 Rxd6 30. Nf4 Rcd8 31. Nxd5 exd5 32. Rd4 R8d7 33. Red1 b5 34. a4 a6 35. axb5 axb5 36. Kc2 Kb7 37. Kb3 Kb6 38. Kb4 Kc6 39. Ra1 Kb6 40.
Ra5 g5 41. Rxb5+ Kc6 42. Rc5+ Kb6 43. b3 Rd8 44. Rb5+ Kc6 45. h4 gxh4 46. Rxh4 d4 47.
Rc5+ Kb7 48. cxd4 Rxd4+ 49. Rc4 Rd2 50. g4 R8d6 51. f4 R2d3 52. Rh5 Rb6+ 53. Rb5 Rxb3+ 54. Kxb3 Rxb5+ 55. Kc3 Ra5 56. Kd3 1-0

[Event "Early-Titled-Tuesday-Blitz-March-12-2024"]
[Site "Chess.com"]
[Date "2024.03.12"]
[Round "9"]
[White "LeRoidesChampions"]
[Black "Abund"]
[Result "1/2-1/2"]
[WhiteElo "2651"]
[BlackElo "2794"]
[TimeControl "180+1"]
[EndTime "9:43:59 PDT"]
[Termination "Game drawn by repetition"]

1. e4 c6 2. Nf3 d5 3. d3 Qc7 4.
c3 e5 5. Nbd2 Nf6 6. g3 Bd6 7.
Bg2 O-O 8. O-O Re8 9. Qc2 a5 10. a4 Nbd7 11. Re1 b6 12. d4 dxe4 13. Nxe5 Nxe5 14.
dxe5 Rxe5 15. Nc4 Re8 16. Nxd6 Qxd6 17. Bg5 Bf5 18. Bxf6 Qxf6 19. Bxe4 Rxe4 20. Rxe4 Bxe4 21. Qxe4 Rd8 22. Re1 g6 23. Qe3 c5 24. h4 h5 25. Qe2 Kg7 26. Rd1 Rxd1+ 27. Qxd1 Qc6 28. c4 Qe4 29. b3 Qe5 30. Kf1 Qc3 31. Ke2 Qb2+ 32.
Kf3 Qf6+ 33. Kg2 Qc3 34. Qf3 Qb2 35. Qd3 Qe5 36. Kf3 Qf6+ 37. Ke2 Qb2+ 38. Ke3 Qc1+ 39. Ke4 Qh1+ 40. Qf3 Qe1+ 41. Qe3 Qd1 42. Qc3+ f6 43. Qd3 Qxd3+ 44. Kxd3 Kf7 45. Ke4 Ke6 46. f3 g5 47. f4 f5+ 48. Ke3 gxh4 49. gxh4 Kf6 50.
Kd3 Kf7 51. Kd2 Ke8 52. Kc2 Kf8 53. Kd1 Kg8 54. Ke2 Kh8 55. Kf3 Kg7 56. Kg2 Kf6 57.
Kh1 Ke6 58. Kh2 Kd6 59. Kh3 Kc6 60. Kg2 Kc7 61. Kf1 Kb7 62. Ke2 Kc6 63. Ke3 Kc7 64. Kd2 Kb7 65. Kc1 Ka6 66. Kb1 Ka7 67. Ka1 Ka8 68.
Kb2 Kb8 69. Kb1 Kc8 70. Ka2 Kd8 71. Ka3 Ke7 72. Kb2 Kf6 73. Kc1 Kg7 74. Kd1 Kh8 75.
Ke2 Kg8 76. Kf2 Kf7 77. Ke3 Ke7 78. Ke2 Kd6 79. Kf1 Kc6 80. Kg2 Kc7 81. Kg3 Kb7 82. Kh3 Ka7 83. Kh2 Ka8 84. Kg1 Kb7 85. Kh1 Kc6 86. Kg2 1/2-1/2

[Event "Early-Titled-Tuesday-Blitz-March-12-2024"]
[Site "Chess.com"]
[Date "2024.03.12"]
[Round "9"]
[White "josephymwale33"]
[Black "David_ATM"]
[Result "0-1"]
[WhiteElo "2488"]
[BlackElo "2378"]
[TimeControl "180+1"]
[EndTime "9:44:00 PDT"]
[Termination "David_ATM won by resignation"]

1. e4 e5 2. Nf3 Nc6 3. d4 d6 4. dxe5 Nxe5 5. Nxe5 dxe5 6. Qxd8+ Kxd8 7. Bc4 Ke7 8. Nc3 c6 9. Be3 Be6 10. Bxe6 Kxe6 11.
O-O-O Nf6 12. f3 Bb4 13. Na4 b6 14. a3 Be7 15. Nc3 Rhd8 16. Ne2 Rxd1+ 17. Rxd1 Rd8 18. Rxd8 Bxd8 19. Kd2 Be7 20. Kd3 Nd7 21. b4 a6 22.
c4 b5 23. Nc1 c5 24. cxb5 axb5 25. bxc5 Nxc5+ 26. Kc3 Nb7 27. Kb2 Na5 28. Bf2 Nc4+ 29.
Kb3 Bxa3 30. Nd3 Bd6 31. Kc3 h5 32. Kb3 Na5+ 33. Kc3 Nc6 34. Be3 g6 35. Bb6 f6 36.
h3 Kd7 37. Bf2 Kc8 38. Bh4 Be7 39. g4 hxg4 40. hxg4 Kd7 41. Bf2 Ke6 42. Bg3 Bd6 43. Bf2 Be7 44. Bg3 Nd4 45. Bf2 Nxf3 46. Be3 f5 47.
gxf5+ gxf5 48. exf5+ Kxf5 49. Bc5 Bxc5 50. Nxc5 e4 51.
Kb4 Nd4 52. Kc3 Nc6 53. Kd2 Kf4 54. Ke2 Nd4+ 55. Kd2 e3+ 56. Kd3 Nf5 57. Nb3 Kf3 58. Nc1 Ng3 59. Nb3 Kf2 60. Nd4 e2 61. Nxe2 Nxe2 62. Kc2 Nd4+ 63. Kd3 Nc6 64. Ke4 b4 65. Kd5 b3 66. Kxc6 b2 0-1